Jack Ass, lawful female dwarven Valkyrie -+-------------- |....<.........| ...............| -.-------------- |.......`......| |Bh:.xq$qq$$b$B| +...........?...# |M.%$$$$:q@@:ad| ----------------####@anaF$:$f@dpjvf| |a%d$$$:$$n:$$$| ---------------- Jack Ass the Fighter Experience level: 8 Strength: 15 Dexterity: 12 Constitution: 20 Intelligence: 10 Wisdom: 9 Charisma: 8 Health: 0(109) Energy: 11(11) Def: 6 Gold: 1181 Moves: 7444 Dungeon seed: bc_leHQ5X1lNs_2i Game ID: Jack Ass_1584775984 Your Inventory: Coins $ - 1181 gold pieces Weapons a - the blessed rustproof +1 Excalibur (weapon in hand) o - 15 +0 darts G - 8 blessed +3 shuriken (in quiver) Armor n - a cursed +0 cloak of invisibility q - an uncursed +0 dwarvish mithril-coat (being worn) z - a cursed +0 cloak of magic resistance Comestibles b - an uncursed tripe ration f - an uncursed lichen corpse A - 2 uncursed lizard corpses L - 7 uncursed food rations U - 2 uncursed cloves of garlic V - 2 uncursed lembas wafers Scrolls d - a blessed scroll of identify p - a cursed scroll of remove curse u - a cursed scroll of gold detection B - an uncursed scroll of light N - a cursed scroll of light T - 2 uncursed scrolls of earth X - an uncursed scroll of enchant armor Y - an uncursed scroll of amnesia Potions h - 2 uncursed potions of blindness r - an uncursed potion of paralysis s - 3 potions of holy water C - an uncursed potion of acid E - an uncursed potion of healing I - a cursed potion of sleeping P - 2 uncursed potions of extra healing Z - an uncursed potion of restore ability Rings t - a cursed ring of conflict w - an uncursed ring of fire resistance y - a cursed ring of polymorph control J - an uncursed ring of searching M - an uncursed ring of protection from shape changers (on left hand) O - an uncursed ring of see invisible (on right hand) Q - an uncursed ring of cold resistance S - a cursed ring of polymorph control Wands c - a wand of enlightenment (0:14) i - a wand of slow monster (0:5) l - a wand of slow monster (0:4) v - a cursed wand of striking (0:7) x - a wand of striking (0:2) D - a wand of lightning (0:7) F - a wand of digging (0:1) Tools g - a +0 unicorn horn j - a blessed magic lamp k - an uncursed blindfold H - an uncursed mirror K - an uncursed magic whistle R - 3 uncursed tallow candles (0:200) W - a cursed magic marker (0:51) Gems m - a blessed luckstone Spells and supernatural/magical abilities: Name Level Category Fail Memory W - pray for help -- divine ? -- Your skills at the end: Fighting Skills Weapon Skills dagger [Basic] long sword [Basic] Spellcasting Skills Final Attributes: You were piously aligned. You were cold resistant. You were level-drain resistant. You saw invisible. You had automatic searching. You had infravision. You were stealthy. You aggravated monsters. You were protected from shape changers. You were fast. You were lucky. You had extra luck. Good luck did not time out for you. You are dead. Vanquished creatures: 2 ghosts 2 giant mimics 3 large mimics 2 small mimics 4 winter wolf cubs a gremlin 2 leprechauns a mumak a giant spider an ice vortex a gold golem 2 lizards 2 dogs a housecat a jaguar a blue jelly a gray unicorn a black unicorn a dust vortex 3 snakes 2 apes a fire ant a bugbear an imp 3 water nymphs 3 ponies a yellow light a shrieker a kobold mummy a black naga hatchling 2 gray oozes a ghoul a paper golem 2 giant ants a little dog a kitten a dwarf a homunculus a kobold lord 2 kobold shamans 12 hill orcs 2 rothes a rabid rat 2 centipedes 4 giant bats an orc zombie 2 dwarf zombies a werejackal 5 iguanas 3 acid blobs 3 coyotes 3 gas spores 2 hobbits 20 manes a large kobold 3 hobgoblins 4 giant rats 4 cave spiders a brown mold 2 yellow molds 2 green molds 2 red molds 6 gnomes 4 garter snakes a gnome zombie 6 geckos 13 jackals a kobold 5 goblins 2 sewer rats 17 grid bugs 10 bats 3 lichens 3 kobold zombies 10 newts 222 creatures vanquished. Voluntary challenges: You had been an atheist until turn 4333. You used a wielded weapon 282 times, starting on turn 13. You read items or engraved 6 times, starting on turn 4453. You never genocided any monsters. You never polymorphed an object. You never changed form. You used no wishes. You never split a pudding. You wrote Elbereth's name 2 times, starting on turn 5395. You violated your moral code, losing 14 points of alignment, starting on turn 3527. Dungeon overview: The Dungeons of Doom: levels 1 to 11 Level 1 a long staircase Level 2 a hardware shop, a fountain, a sink stairs to The Gnomish Mines Level 3 a fountain Level 4 an armor shop Level 5 Level 6 a scroll shop, a fountain Level 7 many fountains Level 8 stairs to Sokoban Level 9 a general store Level 10 some fountains Level 11 <- You were here The Gnomish Mines: levels 3 to 6 Level 3 stairs to The Dungeons of Doom Level 4 Level 5 (lepracunt) Level 6 many shops, a temple to Tyr, some fountains Sokoban: levels 6 to 7 Level 6 Level 7 stairs to The Dungeons of Doom History has recorded: On T:1 you entered the Dungeons of Doom to retrieve the Amulet of Yendor! On T:189 you reached level 2 of The Dungeons of Doom. On T:258 you advanced to experience level 2. On T:542 you advanced to experience level 3. On T:737 you reached level 3 of The Dungeons of Doom. On T:815 you reached level 4 of The Dungeons of Doom. On T:1070 you advanced to experience level 4. On T:1604 you reached level 5 of The Dungeons of Doom. On T:1891 you advanced to experience level 5. On T:2659 you reached level 1 of The Gnomish Mines. On T:2891 you reached level 2 of The Gnomish Mines. On T:2936 you advanced to experience level 6. On T:3045 you reached level 3 of The Gnomish Mines. On T:3903 you reached level 4 of The Gnomish Mines. On T:4409 you advanced to experience level 7. On T:5052 you reached level 6 of The Dungeons of Doom. On T:5417 you reached level 7 of The Dungeons of Doom. On T:5840 you reached level 8 of The Dungeons of Doom. On T:6114 you advanced to experience level 8. On T:6207 you reached level 4 of Sokoban. On T:6442 you reached level 3 of Sokoban. On T:6637 you reached level 9 of The Dungeons of Doom. On T:7155 you reached level 10 of The Dungeons of Doom. On T:7382 you reached level 11 of The Dungeons of Doom. Score breakdown: Gold: 1181 (10451 points) Experience: 8 levels (14739 points) Exploration: 11 levels ( 22.45%) (13693 points) Discoveries: 17 items ( 6.91%) ( 7886 points) Valuables value: (no points given unless you survive) Artifact value: 4000 (12253 points) Variety of kills: 75 monsters ( 19.69%) (13310 points) Turncount: 7444 turns (-1942 points) Survival: died (score multiplied by 80%) Total score: 56312 Latest messages: You hit the Woodland-elf! The Woodland-elf turns to flee! The Woodland-elf picks up a mummy wrapping. The Woodland-elf puts on a mummy wrapping. You hit the wood nymph! The wood nymph charms you. You gladly hand over your shield. She stole an uncursed +3 small shield. The fire ant bites! (2x) The wood nymph picks up an orcish helm. The wood nymph puts on an orcish helm. The fire ant bites! (2x) You kill the gecko! The fire ant bites! The fire ant just misses! You hit the fire ant! The gnome mummy hits! The fire ant bites! (3x) The fire ant misses. The wood nymph picks up a crude dagger. The wood nymph puts on an uncursed +3 small shield. The fire ant bites! You die... Final status: Farvel Jack Ass the Valkyrie, killed by a fire ant... You died in The Dungeons of Doom on dungeon level 11 with 56312 points, and 1181 pieces of gold, after 7444 moves. You were level 8 with a maximum of 109 hit points when you died.